 Dungeon Crawl Stone Soup version 0.22.1-2-g9c5b331383 (webtiles) character file.

3681 Merkmirnix the Cleaver (level 9, -38/121 HPs)
             Began as a Minotaur Berserker on Dec 26, 2018.
             Was an Elder of Trog.
             Annihilated by an enormous slime creature (55 damage)
             ... on level 9 of the Dungeon.
             The game lasted 00:30:30 (7379 turns).

Merkmirnix the Cleaver (Minotaur Berserker)         Turns: 7379, Time: 00:30:36

Health: -38/121    AC: 10    Str: 34    XL:     9   Next: 90%
Magic:  8/8        EV: 11    Int:  4    God:    Trog [****..]
Gold:   403        SH:  0    Dex: 10    Spells: 8/8 levels left

rFire    + . .     SeeInvis .   m - +0 war axe
rCold    + . .     Gourm    .   (no shield)
rNeg     . . .     Faith    .   w - +0 scale mail
rPois    .         Spirit   .   (helmet restricted)
rElec    .         Reflect  .   A - scarf {rC+ rF+}
rCorr    .         Harm     .   (no gloves)
MR       .....                  v - +0 pair of boots
Stlth    ..........             t - amulet of the acrobat
HPRegen  0.30/turn              g - ring of flight
MPRegen  0.11/turn              o - +4 ring of strength

@: berserking, lethally poisoned (-38 -> -54), flying, very quick
A: retaliatory headbutt, horns 2
a: Berserk, Trog's Hand, Brothers in Arms, Renounce Religion, Stop Flying


You were on level 9 of the Dungeon.
You worshipped Trog.
Trog was greatly pleased with you.
You were not hungry.

You visited 1 branch of the dungeon, and saw 9 of its levels.

You collected 403 gold pieces.

Inventory:

Hand Weapons
 m - a +0 war axe (weapon)
Missiles
 k - 5 steel tomahawks (quivered)
Armour
 v - a +0 pair of boots (worn)
 w - a +0 scale mail (worn)
 A - a scarf of resistance (worn)
Jewellery
 g - a ring of flight (left hand)
 o - a +4 ring of strength (right hand)
 t - an amulet of the acrobat (around neck)
 u - an uncursed amulet of the gourmand
 B - an uncursed amulet of rage {unknown}
Wands
 a - a wand of scattershot (5)
 e - a wand of disintegration (14)
 y - a wand of digging (28)
 z - a wand of paralysis (12)
 C - a wand of polymorph (13)
Scrolls
 b - 5 scrolls of enchant weapon
 i - a scroll of blinking
 l - a scroll of amnesia
 n - 4 scrolls of remove curse
 p - 3 scrolls of magic mapping
 r - 3 scrolls of enchant armour {unknown}
 s - a scroll of teleportation
Potions
 d - a potion of curing
 f - a potion of lignification {unknown}
 h - 3 potions of heal wounds {unknown}
 j - 4 potions of flight {unknown}
 q - 2 potions of might {unknown}
 x - a potion of cancellation {unknown}
Comestibles
 c - 11 rations


   Skills:
 * Level 8.1 Fighting
 * Level 11.5 Axes
 * Level 10.7 Armour
 - Level 2.3 Dodging
 - Level 0.3 Stealth
 + Level 0.4 Evocations


You had 8 spell levels left.
You didn't know any spells.
Your spell library was empty.

Dungeon Overview and Level Annotations

Branches:
Dungeon (9/15)             Temple (0/1) D:7            Lair (0/6) D:9
    Orc: D:9-12

Altars:
Cheibriados
Dithmenos
Elyvilon
Gozag
Makhleb
Nemelex Xobeh
Okawaru
Qazlal
Uskayaw
Xom
Zin
The Shining One

Shops:
D:6 ?   D:8 *


Innate Abilities, Weirdness & Mutations

You reflexively headbutt those who attack you in melee.
You have a pair of horns on your head.


Message History

Beogh smites you!
Two slime creatures merge to form a very large slime creature.
An orc priest comes into view. It is wielding a trident.
The killer bee stings you.
You are more poisoned.
The killer bee poisons you!
Two slime creatures merge to form an enormous slime creature.
You miss the killer bee. You hit the enormous slime creature.
You slash the slime creature!
You feel sick. The slime creature hits you!
* * * LOW HITPOINT WARNING * * *
The enormous slime creature hits you but does no damage.
The killer bee stings you.
* * * LOW HITPOINT WARNING * * *
You miss the killer bee. Your headbutt misses the killer bee.
You slash the slime creature!
You completely miss the enormous slime creature.
You feel sick. The killer bee misses you. The slime creature hits you!
* * * LOW HITPOINT WARNING * * *
The enormous slime creature hits you!!!
You die...

.≈.≈≈...#
≈.≈≈≈....
≈≈≈≈h.≈.#
≈≈≈≈≈...#
≈oo≈.≈≈≈#
.≈.≈o≈≈≈#
..≈≈≈≈JJ#
>o≈h≈≈y@#
...h≈≈≈≈#
..≈≈hh≈≈#
.≈≈≈≈≈hh##
..≈≈≈≈.T.#
.≈≈≈≈≈..<#
.≈≈≈..≈..#
.≈≈≈≈.....
.≈≈≈≈≈...##


You could see an enormous slime creature, a slime creature, a troll, a wolf, 6
hounds, a killer bee, 3 orc priests and an orc.

Vanquished Creatures
  The ghost of Circulus the Cleaver, a novice OgBe of Trog (D:6)
  Pikel (D:7)
  Joseph (D:7)
  An ice beast (D:5)
  A phantom (D:5)
  A black bear (D:8)
  A sky beast (D:8)
  2 centaurs
  An ogre (D:8)
  4 bullfrogs
  A scorpion (D:5)
  7 killer bees
  A howler monkey (D:5)
  An electric eel (D:9)
  A bullfrog zombie (D:6)
  2 crimson imps
  A quasit (D:8)
  2 jellies
  Crazy Yiuf (D:2)
  A centaur skeleton (D:5)
  3 orc priests
  A hound (D:6)
  Jessica (D:2)
  2 iguanas
  6 orc wizards
  3 worker ants
  A bullfrog simulacrum (D:6)
  A hound skeleton (D:7)
  A worker ant zombie (D:6)
  8 gnolls
  A howler monkey skeleton (D:7)
  10 adders
  A hound simulacrum (D:6)
  An adder zombie (D:7)
  2 adder skeletons
  2 worms
  3 dart slugs
  8 leopard geckos
  19 orcs
  5 bats
  5 giant cockroaches
  5 goblins
  4 hobgoblins
  2 jackals (D:2)
  A quokka (D:8)
  6 ball pythons (D:3)
  5 frilled lizards
  A giant cockroach zombie (D:4)
  A jackal zombie (D:5)
  3 kobolds
  2 quokka zombies
  7 rats
153 creatures vanquished.

Vanquished Creatures (others)
  A black bear (D:6)
  An orc wizard (D:4)
  An adder (D:7)
  3 orcs
  A giant cockroach (D:6)
7 creatures vanquished.

Grand Total: 160 creatures vanquished

Notes
Turn   | Place    | Note
-------+----------+-------------------------------------------
     0 | D:1      | Merkmirnix the Minotaur Berserker began the quest for the
                  | Orb.
     0 | D:1      | Reached XP level 1. HP: 19/19 MP: 0/0
   219 | D:1      | Reached XP level 2. HP: 27/27 MP: 1/1
   225 | D:1      | Reached skill level 4 in Axes
   982 | D:2      | Reached XP level 3. HP: 31/33 MP: 2/2
  1064 | D:2      | Found a runed door.
  1123 | D:2      | Found a snail-covered altar of Cheibriados.
  1150 | D:2      | Noticed Jessica
  1161 | D:2      | Reached ** piety under Trog
  1167 | D:2      | Killed Jessica
  1167 | D:2      | Reached XP level 4. HP: 41/41 MP: 3/3
  1431 | D:2      | Reached skill level 5 in Axes
  1523 | D:2      | Noticed Crazy Yiuf
  1529 | D:2      | Killed Crazy Yiuf
  1949 | D:3      | Reached skill level 5 in Fighting
  2565 | D:4      | Reached XP level 5. HP: 48/48 MP: 4/4
  2980 | D:4      | Found a hide-covered altar of Uskayaw.
  2980 | D:4      | Found a sparkling altar of Nemelex Xobeh.
  3025 | D:4      | Reached skill level 6 in Axes
  3221 | D:4      | Reached XP level 6. HP: 55/56 MP: 5/5
  3778 | D:5      | Entered Level 5 of the Dungeon
  3805 | D:5      | Reached *** piety under Trog
  3842 | D:5      | Found an iron altar of Okawaru.
  3879 | D:5      | Reached skill level 5 in Armour
  3957 | D:5      | Reached XP level 7. HP: 60/62 MP: 6/6
  4082 | D:5      | Reached skill level 7 in Axes
  4125 | D:5      | Found a glowing silver altar of Zin.
  4125 | D:5      | Found a glowing golden altar of the Shining One.
  4125 | D:5      | Found a white marble altar of Elyvilon.
  4955 | D:6      | Found a runed gate.
  4956 | D:6      | Found a runed gate.
  4956 | D:6      | Found a runed gate.
  4965 | D:6      | Noticed Circulus's ghost (novice OgBe)
  4997 | D:6      | Killed Circulus's ghost
  4997 | D:6      | Reached skill level 8 in Axes
  4997 | D:6      | Reached XP level 8. HP: 71/71 MP: 7/7
  5297 | D:6      | Found a shimmering altar of Xom.
  5301 | D:6      | Found Ceta's Magic Scroll Shop.
  5755 | D:6      | Reached skill level 9 in Axes
  5895 | D:7      | Noticed Pikel
  5902 | D:7      | Killed Pikel
  5902 | D:7      | Reached XP level 9. HP: 69/79 MP: 8/8
  6049 | D:7      | Noticed Joseph
  6057 | D:7      | Reached skill level 10 in Axes
  6076 | D:7      | Killed Joseph
  6076 | D:7      | Reached **** piety under Trog
  6076 | D:7      | Reached skill level 10 in Armour
  6607 | D:7      | Found a staircase to the Ecumenical Temple.
  6707 | D:8      | Found Isus's Assorted Antiques.
  6760 | D:8      | Found a shadowy altar of Dithmenos.
  6762 | D:8      | Found a burning altar of Makhleb.
  6763 | D:8      | Found a stormy altar of Qazlal.
  6763 | D:8      | Found an opulent altar of Gozag.
  6850 | D:8      | Reached skill level 11 in Axes
  7364 | D:9      | Found a staircase to the Lair.
  7364 | D:9      | Noticed a troll
  7379 | D:9      | Annihilated by an enormous slime creature

Skill      XL: |  1  2  3  4  5  6  7  8  9 |
---------------+----------------------------+-----
Axes           | 4 5 6 8 9 11 | 11.5
Fighting       | 4 5 6 7 8 |  8.1
Armour         | 3 5 8 9 10 | 10.7
Dodging        | |  2.3
Stealth        | |  0.3
Evocations     | |  0.4

Action                   |  1- 3 |  4- 6 |  7- 9 || total
-------------------------+-------+-------+-------++-------
Melee: Hand axe          |    53 |   130 |    79 ||   262
       Headbutt          |    10 |    24 |    43 ||    77
       War axe           |       |       |   137 ||   137
Invok: Berserk           |     1 |       |     2 ||     3
 Abil: Evoke Flight      |       |       |     2 ||     2
       Stop Flying       |       |       |     1 ||     1
  Use: Scroll            |       |     7 |     4 ||    11
       Potion            |       |     2 |       ||     2
 Stab: Sleeping          |     1 |       |       ||     1
  Eat: Chunk             |     1 |     9 |     6 ||    16
       Ration            |       |       |     2 ||     2
Armor: Animal skin       |    16 |     1 |       ||    17
       Ring mail         |       |    33 |       ||    33
       Scale mail        |       |     5 |    84 ||    89
Dodge: Dodged            |    41 |    72 |   155 ||   268
